 Dungeon Crawl Stone Soup version 0.28-a0-998-gb9e9c7b67e (webtiles) character file.

Game seed: 3238241022890736776

7439 27snakeeyes612 the Covert (level 10, -1/45 HPs)
             Began as a Spriggan Enchanter on Dec 6, 2021.
             Was a Follower of Dithmenos.
             Shot with an arrow by a centaur warrior (8 damage)
             ... on level 9 of the Dungeon.
             The game lasted 00:15:31 (7407 turns).

27snakeeyes612 the Covert (Spriggan Enchanter)      Turns: 7407, Time: 00:15:32

Health: -1/45      AC:  2    Str:  4    XL:     10   Next: 93%
Magic:  32/33      EV: 28    Int: 16    God:    Dithmenos [*.....]
Gold:   411        SH:  0    Dex: 27    Spells: 22/27 levels left

rFire   . . .      SeeInvis +   k - +1 dagger (venom)
rCold   . . .      Faith    .   (shield restricted)
rNeg    . . .      Spirit   .   b - +0 robe
rPois   .          Reflect  .   (helmet restricted)
rElec   .          Harm     .   (no cloak)
rCorr   .          Rampage  .   (gloves unavailable)
Will    +....                   (boots unavailable)
Stlth   +++++++...              d - amulet of regeneration
HPRegen 0.95/turn               e - +6 ring of dexterity
MPRegen 0.23/turn               w - ring of magical power

@: wreathed by umbra, very quick
A: very small, no large weapons, unfitting armour, see invisible, speed 3
a: Renounce Religion


You were on level 9 of the Dungeon.
You worshipped Dithmenos.
Dithmenos was aware of your devotion.
You visited 2 branches of the dungeon, and saw 12 of its levels.

You collected 411 gold pieces.

Inventory:

Hand Weapons
 a - a +1 dagger
 k - a +1 dagger of venom (weapon)
 m - a +4 short sword
Missiles
 i - 3 throwing nets
Armour
 b - a +0 robe (worn)
Jewellery
 d - an amulet of regeneration (around neck)
 e - a +6 ring of dexterity (left hand)
 n - a ring of protection from fire
 q - an amulet of reflection
 s - a ring of protection from fire
 w - a ring of magical power (right hand)
 A - a +4 ring of evasion
Wands
 j - a wand of polymorph (9)
 r - a wand of charming (6)
 C - a wand of paralysis (6)
 F - a wand of digging (4)
Scrolls
 h - 4 scrolls of immolation
 t - 2 scrolls of teleportation
 v - a scroll of magic mapping
 x - a scroll of amnesia
 y - a scroll of blinking
 z - 2 scrolls of enchant weapon
 E - 2 scrolls of identify
Potions
 c - 2 potions of invisibility
 f - a potion of berserk rage
 g - 5 potions of curing
 l - 2 potions of attraction
 o - a potion of brilliance
 p - a potion of haste
 u - a potion of flight {unknown}
 B - a potion of mutation {unknown}
 D - a potion of might {unknown}


   Skills:
 + Level 1.0 Fighting
 + Level 8.2 Short Blades
 + Level 9.6 Dodging
 + Level 13.1 Stealth
 + Level 9.2 Spellcasting
 + Level 9.6 Hexes
 * Level 1.4 Ice Magic


You had 22 spell levels left.
You knew the following spells:

 Your Spells              Type           Power      Damage    Failure   Level
a - Ensorcelled Hibernat  Hex/Ice        50%        N/A       1%          2
b - Confusing Touch       Hex            38%        N/A       1%          3

Your spell library contained the following spells:

 Spells                   Type           Power      Damage    Failure   Level
 Tukima's Dance           Hex            38%        N/A       1%          3
 Dazzling Flash           Conj/Hex       44%        N/A       4%          3
 Static Discharge         Conj/Air       7%         N/A       16%         2
 Yara's Violent Unravell  Hex/Tmut       11%        3d6       36%         5
 Dispel Undead            Necr           7%         3d8       69%         4
 Passage of Golubria      Tloc           7%         N/A       69%         4
 Sticky Flame             Conj/Fire      7%         2d3       69%         4
 Lightning Bolt           Conj/Air       3%         1d15      95%         5
 Maxwell's Capacitive Co  Air            3%         ∞         100%        8


Dungeon Overview and Level Annotations

Branches:
Dungeon (11/15)            Temple (1/1) D:5
   Lair: D:8-11         Orc: D:9-12

Altars:
Ashenzari
Cheibriados
Dithmenos
Elyvilon
Fedhas
Gozag
Hepliaklqana
Kikubaaqudgha
Makhleb
Okawaru
Qazlal
Ru
Trog
Uskayaw
Vehumet
Wu Jian
Xom
Yredelemnul
Zin
The Shining One

Annotations:
D:6 1 runed translucent door
D:11 3 runed translucent doors, Stonecrops's ghost, novice GrBe


Innate Abilities, Weirdness & Mutations

You are very small and have problems with some larger weapons.
You are too small for most types of armour.
You have supernaturally acute eyesight. (SInv)
You cover ground extremely quickly. (Speed+++)


Message History

The kobold brigand looks as sick as possible!
The kobold brigand is lightly wounded.
You hit the kobold brigand but do no damage.
The kobold brigand looks as sick as possible!
The kobold brigand is lightly wounded.
The centaur warrior wields a +0 shortbow.
The centaur warrior shoots an arrow.
The arrow closely misses you.
The kobold brigand completely misses you.
You hit the kobold brigand.
The kobold brigand looks as sick as possible!
The kobold brigand is lightly wounded.
The kobold brigand completely misses you.
You barely miss the kobold brigand.
The kobold brigand is lightly wounded.
The centaur warrior shoots an arrow.
The arrow completely misses you.
You hit the kobold brigand.
The kobold brigand looks as sick as possible!
The kobold brigand is lightly wounded.
The kobold brigand completely misses you.
The centaur warrior shoots an arrow.
The arrow hits you!
You hit the kobold brigand.
The kobold brigand looks as sick as possible!
The kobold brigand is moderately wounded.
The centaur warrior shoots an arrow.
The arrow closely misses you.
You hit the kobold brigand but do no damage.
The kobold brigand looks as sick as possible!
The kobold brigand is moderately wounded.
You hit the kobold brigand.
The kobold brigand looks as sick as possible!
The kobold brigand is heavily wounded.
The kobold brigand completely misses you.
You catch the helpless kobold brigand completely off-guard!
You skewer the kobold brigand like a kebab!!!
You kill the kobold brigand!
Dithmenos accepts your kill.
The centaur warrior shoots an arrow.
The arrow hits you!!
Ouch! That really hurt!
* * * LOW HITPOINT WARNING * * *
The centaur warrior shoots an arrow.
The arrow hits you!
You die...

#.........................
#.#########....<..........
#.# #............... ###.#
#....##########. ...(#
#...##....≈≈≈≈## ###.#
#..##.########†## #.#
#..#≈##..≈.SS##.# #.#
#.##≈#......≈≈#.# #.#
#.##@#....K./≈#.#
#.#########.##.#'..≈P$≈S#.#
#...........##.)#
.≈(≈≈##≈##
#...........###≈#
########≈##
#.............#≈≈ ..≈.S##≈#
###.............##≈#
.≈≈?SS#.#
.........^.......#c#
..P.}≈#.#
###..............#.#
.P.≈≈≈#.#
#..........<...#..
.P[(≈##'##


You could see a centaur warrior.

Vanquished Creatures
  A boulder beetle (D:9)
  3 two-headed ogres
  6 yaks (D:7)
  A shadow (D:11)
  A wraith (D:9)
  A wyvern (D:9)
  3 vampire mosquitoes
  A steam dragon (D:8)
  Menkaure (D:7)
  2 water moccasins
  An ice beast (D:6)
  3 orc warriors
  A necrophage (D:6)
  2 black bears
  An ogre (D:4)
  2 centaurs (D:7)
  2 kobold brigands
  A phantom (D:6)
  A wyvern zombie (D:7)
  A gnoll sergeant (D:6)
  A water moccasin skeleton (D:5)
  A wyvern skeleton (D:7)
  9 killer bees
  5 wights (D:9)
  3 howler monkeys (D:9)
  A bullfrog zombie (D:5)
  3 hounds
  3 jellies
  2 centaur zombies
  4 orc priests
  2 centaur skeletons
  2 orc wizards
  A scorpion zombie (D:5)
  4 iguanas (D:5)
  2 killer bee zombies (D:6)
  A howler monkey zombie (D:6)
  A howler monkey skeleton (D:6)
  9 gnolls
  3 adders
  A white imp (D:7)
  An ufetubus (D:5)
  5 worms
  3 dart slugs
  19 orcs
  5 ball pythons
  3 endoplasms
  6 giant cockroaches
  9 goblins
  7 hobgoblins
  7 jackals
  7 quokkas
  A bat (D:1)
  4 frilled lizards
  A goblin skeleton (D:6)
  6 kobolds
  3 rats (D:1)
180 creatures vanquished.

Vanquished Creatures (others)
  3 plants (D:9)
3 creatures vanquished.

Grand Total: 183 creatures vanquished

Notes
Turn   | Place    | Note
-------+----------+-------------------------------------------
     0 | D:1      | 27snakeeyes612 the Spriggan Enchanter began the quest for
                  | the Orb.
     0 | D:1      | Reached XP level 1. HP: 9/9 MP: 5/5
   154 | D:1      | Reached XP level 2. HP: 11/13 MP: 7/7
   387 | D:1      | Found a faded altar of an unknown god.
   526 | D:1      | Reached skill level 5 in Stealth
   529 | D:1      | Reached XP level 3. HP: 13/16 MP: 8/8
   574 | D:1      | Learned a level 2 spell: Ensorcelled Hibernation
   856 | D:2      | Reached XP level 4. HP: 21/21 MP: 5/9
  1224 | D:2      | Found a basalt altar of Yredelemnul.
  1313 | D:2      | Reached skill level 6 in Stealth
  1871 | D:3      | Noticed a water moccasin
  1873 | D:3      | Killed a water moccasin
  1874 | D:3      | Reached skill level 7 in Stealth
  1874 | D:3      | Reached XP level 5. HP: 25/25 MP: 9/11
  2360 | D:4      | Found a shadowy altar of Dithmenos.
  2360 | D:4      | Noticed an ogre
  2364 | D:4      | Killed an ogre
  2365 | D:4      | Reached XP level 6. HP: 29/29 MP: 12/12
  2416 | D:4      | Learned a level 3 spell: Confusing Touch
  2921 | D:5      | Entered Level 5 of the Dungeon
  3045 | D:5      | Noticed a water moccasin
  3054 | D:5      | Killed a water moccasin
  3055 | D:5      | Reached skill level 5 in Hexes
  3055 | D:5      | Reached XP level 7. HP: 28/32 MP: 3/14
  3171 | D:5      | Reached skill level 8 in Stealth
  3200 | D:5      | Found a staircase to the Ecumenical Temple.
  3292 | Temple   | Entered the Ecumenical Temple
  3614 | D:5      | Reached skill level 5 in Dodging
  3618 | D:5      | Reached skill level 5 in Spellcasting
  3913 | D:6      | Reached XP level 8. HP: 37/37 MP: 10/16
  3953 | D:6      | Found a burning altar of Makhleb.
  4171 | D:6      | Found an ornate altar of the Wu Jian Council.
  4232 | D:6      | Found a stormy altar of Qazlal.
  4248 | D:6      | Reached skill level 9 in Stealth
  4478 | D:6      | Reached skill level 5 in Short Blades
  4562 | D:6      | Found a runed translucent door.
  4567 | D:6      | Found a basalt altar of Yredelemnul.
  4641 | D:7      | Reached skill level 10 in Stealth
  4641 | D:7      | Reached XP level 9. HP: 27/40 MP: 8/19
  5017 | D:7      | Noticed Menkaure
  5027 | D:7      | Killed Menkaure
  5356 | D:7      | Reached skill level 11 in Stealth
  6130 | D:8      | Noticed a two-headed ogre
  6135 | D:8      | Killed a two-headed ogre
  6136 | D:8      | Reached XP level 10. HP: 44/44 MP: 23/23
  6278 | D:4      | Became a worshipper of Dithmenos the Shadowed
  6590 | D:8      | You fall into a shaft and drop 3 floors!
  6604 | D:11     | Found a runed translucent gate.
  6604 | D:11     | Found a runed translucent gate.
  6604 | D:11     | Found a runed translucent gate.
  6604 | D:11     | Noticed a boulder beetle
  6607 | D:11     | Noticed a minotaur
  6610 | D:11     | Noticed Stonecrops's ghost (novice GrBe)
  6639 | D:10     | Entered Level 10 of the Dungeon
  6639 | D:10     | Noticed a two-headed ogre
  6662 | D:10     | Killed a two-headed ogre
  6663 | D:10     | Reached skill level 12 in Stealth
  6726 | D:8      | Found an iron altar of Okawaru.
  6726 | D:8      | Found a bloodstained altar of Trog.
  6726 | D:8      | Found a white marble altar of Elyvilon.
  6726 | D:8      | Found a shimmering altar of Xom.
  6729 | D:8      | Found a hide-covered altar of Uskayaw.
  6831 | D:9      | Noticed a boulder beetle
  6847 | D:9      | Killed a boulder beetle
  7124 | D:9      | Noticed a two-headed ogre
  7131 | D:9      | Killed a two-headed ogre
  7132 | D:9      | Reached skill level 1 in Fighting
  7132 | D:9      | Reached skill level 13 in Stealth
  7132 | D:9      | Reached skill level 1 in Ice Magic
  7302 | D:9      | Reached * piety under Dithmenos
  7339 | D:9      | Noticed a centaur warrior
  7407 | D:9      | Shot with an arrow by a centaur warrior

Illustrated notes

Levels and vault maps discovered:
D:1:      lemuel_arrival_room, layout_basic,
          dreamdust_ecumenical_altar_angels_and_demons, palyth_stone_intersect
D:2:      layout_basic, basic_altar
D:3:      layout_basic
D:4:      layout_basic, grunt_dithmenos_smoke_and_mirrors,
          minmay_misc_feat_pillars
D:5:      layout_loops_ring, minmay_temple_entry_purple_smoke,
          minmay_misc_feat_nine_boxes, hangedman_glass_teeth,
          minmay_misc_feat_more_columns
D:6:      layout_rooms, lemuel_coloured_pillars_altar, dk_yredelemnul_ordeal,
          mainiacjoe_overflow_alcove_4, nzn_wu_jian_council_hall
D:7:      layout_basic, uniq_menkaure
D:8:      layout_basic, nicolae_overflow_hidden_temple, nicolae_shop_clearance
D:9:      cheibrodos_two_vegetables, layout_small_grid
D:10:     layout_loops_corners, kennysheep_orc_sif_temple,
          kennysheep_little_box, lair_entry_dummy, muffindrake_ghost_dual_entry
D:11:     layout_basic, maelrawn_ghost_gauntlet_escape
Temple:   zaba_magenta_temple

Skill      XL: |  1  2  3  4  5  6  7  8  9 10 |
---------------+-------------------------------+-----
Spellcasting   | 3 4 5 6 8 9 |  9.2
Dodging        | 3 4 5 6 8 9 |  9.6
Hexes          | 4 5 7 8 9 |  9.6
Stealth        | 5 7 8 10 11 13 | 13.1
Short Blades   | 2 3 4 5 7 8 |  8.2
Fighting       | 1 |  1.0
Ice Magic      | 1 |  1.4

Action                   |  1- 3 |  4- 6 |  7- 9 | 10-12 || total
-------------------------+-------+-------+-------+-------++-------
Melee: Dagger            |   129 |    42 |   242 |   126 ||   539
       Short sword       |       |    59 |       |       ||    59
 Cast: Ensorcelled Hiber |     3 |    28 |    43 |     4 ||    78
       Confusing Touch   |       |       |    29 |    17 ||    46
  Use: Scroll            |     1 |     5 |     7 |     1 ||    14
 Stab: Sleeping          |     9 |    24 |    37 |     8 ||    78
       Distracted        |       |     1 |       |       ||     1
       Confused          |       |       |    29 |    18 ||    47
Armor: Robe              |     9 |     8 |    12 |     4 ||    33
Dodge: Dodged            |   101 |    68 |   217 |    86 ||   472

Table legend: (Time is in decaauts)
 A = Elapsed time spent in this place.
 B = Non-inter-level travel time spent in this place.
 C = Inter-level travel time spent in this place.
 D = Time resting spent in this place.
 E = Time spent auto-exploring this place.
 F = Levels seen in this place.
 G = Mean time per level.
                   A        B        C        D        E       F      G
               +--------+--------+--------+--------+--------+-----+--------+
         Total |   5313 |   5012 |    301 |    243 |   3402 |  12 |  442.8 |
       Dungeon |   5258 |   4957 |    301 |    243 |   3372 |  11 |  478.0 |
        Temple |     54 |     54 |      0 |      0 |     30 |   1 |   54.0 |
               +--------+--------+--------+--------+--------+-----+--------+

Top non-repeatable levels by time:
     D:7: 1116 daAuts
     D:5: 622 daAuts
     D:2: 617 daAuts
     D:6: 561 daAuts
     D:4: 509 daAuts
     D:9: 507 daAuts
     D:1: 496 daAuts
     D:3: 475 daAuts
     D:8: 287 daAuts
  Temple: 54 daAuts
    D:10: 34 daAuts
    D:11: 30 daAuts
